 Dungeon Crawl Stone Soup version 0.25-a0-42-g6c54e25894 (webtiles) character file.

Game seed: 496149708106461879, levelgen mode: deterministic

99 Arixos the Skirmisher (level 4, -8/37 HPs)
             Began as a Mummy Monk on Oct 22, 2019.
             Killed from afar by Ijyb (17 damage)
             ... with a bolt of acid
             ... on level 3 of the Dungeon on Oct 23, 2019.
             The game lasted 00:06:48 (3182 turns).

Arixos the Skirmisher (Mummy Monk)                  Turns: 3182, Time: 00:06:48

Health: -8/37      AC:  8    Str: 15    XL:     4   Next: 45%
Magic:  4/4        EV:  7    Int:  9    God:
Gold:   106        SH:  0    Dex: 14    Spells: 3/3 levels left

rFire    x . .     SeeInvis .   a - +0 falchion
rCold    + + .     Gourm    .   (no shield)
rNeg     + + +     Faith    .   f - +0 chain mail
rPois    ∞         Spirit   .   (no helmet)
rElec    .         Reflect  .   (no cloak)
rCorr    .         Harm     .   (no gloves)
MR       .....                  (no boots)
Stlth    ..........             (no amulet)
HPRegen  0.12/turn              h - ring of protection from cold
MPRegen  0.09/turn              (no ring)

@: no status effects
A: no food or potions, fire vulnerability, cold resistance 1, negative energy
resistance 3, torment resistance, unbreathing
a: no special abilities


You were on level 3 of the Dungeon.
You were not hungry.

You visited 1 branch of the dungeon, and saw 3 of its levels.

You collected 106 gold pieces.

Inventory:

Hand Weapons
 a - a +0 falchion (weapon)
Missiles
 b - 8 poisoned darts (quivered)
Armour
 f - a +0 chain mail (worn)
Jewellery
 h - a ring of protection from cold (left hand)
Scrolls
 c - a scroll of remove curse {unknown}
 d - a scroll of identify {unknown}
 e - a scroll of fog {unknown}
 g - a scroll of blinking {unknown}
 i - a scroll of teleportation {unknown}


   Skills:
 + Level 3.8 Fighting
 - Level 2.4 Long Blades
 + Level 1.8 Armour
 + Level 3.2 Dodging
 - Level 1.5 Stealth


You had 3 spell levels left.
You didn't know any spells.
Your spell library was empty.

Dungeon Overview and Level Annotations

Branches:
Dungeon (3/15)

Altars:

Annotations:
D:2 Sigmund
D:3 3 runed translucent doors, Ijyb; Sondor's ghost, amateur DsCK


Innate Abilities, Weirdness & Mutations

You do not eat or drink.
Your flesh is vulnerable to fire.
You are immune to poison.
Your flesh is cold resistant. (rC+)
You are immune to negative energy. (rN+++)
You are immune to unholy pain and torment.
You can survive without breathing.


Message History

You see here a +0 club.
There is a stone staircase leading down here.
You start resting.
HP restored.
You climb downwards.
Level annotation: 3 runed translucent doors, Ijyb; Sondor's ghost, amateur DsCK
There is a stone staircase leading up here.
Ijyb shouts!
Ijyb is too close now for your liking.
There is a stone staircase leading down here.
Your chain mail prevents you from hitting Ijyb.
Ijyb hits you but does no damage.
You hit Ijyb but do no damage.
Ijyb zaps a wand.
The bolt of acid hits you!!
Ouch! That really hurt!
You are splashed with acid!
* * * LOW HITPOINT WARNING * * *
You hit Ijyb.
Ijyb is lightly wounded.
Ijyb zaps a wand.
The bolt of acid hits you!
You die...

#!....## #.#.####### ##......#
#.#......### #######.##
#.#........#
#######..#######.#......#.#
'..............#.#.####.#.#
########.......#.#.(......## #
#.......#.######†...#
########.......#.# #..).#.#
................@# #.##.#.######
########....####g####.#.........#
#####...###.......####.###.##
#......................# #.#
#................####### #.#
#............)....# #.#
#..........#+#.#..########.#
#........###.#.#.........†.#
#............#.#...#########


You could see Ijyb.

Vanquished Creatures
  2 adders (D:3)
  2 worms
  3 dart slugs
  4 orcs (D:3)
  4 giant cockroaches
  9 goblins
  11 hobgoblins
  A ball python (D:1)
  5 bats
  2 frilled lizards
  8 kobolds
  8 rats
59 creatures vanquished.

Notes
Turn   | Place    | Note
-------+----------+-------------------------------------------
     0 | D:1      | Arixos the Mummy Monk began the quest for the Orb.
     0 | D:1      | Reached XP level 1. HP: 18/18 MP: 1/1
    75 | D:1      | Reached XP level 2. HP: 15/24 MP: 2/2
   284 | D:1      | Reached skill level 1 in Armour
   491 | D:1      | Reached XP level 3. HP: 29/29 MP: 3/3
  1556 | D:2      | Noticed Sigmund
  1721 | D:2      | Found a faded altar of an unknown god.
  2289 | D:3      | Reached XP level 4. HP: 12/37 MP: 4/4
  2748 | D:3      | Found a runed translucent gate.
  2748 | D:3      | Found a runed translucent gate.
  2748 | D:3      | Found a runed translucent gate.
  2750 | D:3      | Noticed Sondor's ghost (amateur DsCK)
  2900 | D:3      | Noticed Ijyb
  3182 | D:3      | Killed from afar by Ijyb

Levels and vault maps discovered:
D:1:      dpeg_arrival_three_same_balls, layout_loops_ring
D:2:      layout_loops_ring, chequers_ecumenical_altar_island,
          minmay_misc_feat_alley, hangedman_glass_teeth, eino_curves_01,
          uniq_sigmund
D:3:      layout_basic, ebering_ghost_rock_garden, uniq_ijyb

Skill      XL: |  1  2  3 |
---------------+----------+-----
Armour         | 1 |  1.8
Dodging        | 3 |  3.2
Fighting       | |  3.8
Long Blades    | |  2.4
Stealth        | |  1.5

Action                   |  1- 3 |  4- 6 || total
-------------------------+-------+-------++-------
Melee: Falchion          |   159 |    46 ||   205
 Stab: Sleeping          |     4 |       ||     4
Armor: Scale mail        |    29 |       ||    29
       Ring mail         |    10 |       ||    10
       Robe              |     1 |       ||     1
       Chain mail        |       |    29 ||    29
Dodge: Dodged            |    87 |    13 ||   100
       Rpst.: Falchion   |    33 |     6 ||    39

Table legend:
 A = Non-vault XP
 B = Vault XP
 C = Vault XP percentage of total XP
 D = Non-vault monster count
 E = Vault monster count
 F = Vault count percentage of total count
                 A         B        C        D         E       F
            +---------+---------+-------+---------+---------+-------
      Total |     142 |       0 |   0.0 |      59 |       0 |   0.0
            +---------+---------+-------+---------+---------+-------
        D:1 |      43 |       0 |   0.0 |      25 |       0 |   0.0
        D:2 |      43 |       0 |   0.0 |      21 |       0 |   0.0
        D:3 |      56 |       0 |   0.0 |      13 |       0 |   0.0
            +---------+---------+-------+---------+---------+-------
